[Event "Late-Titled-Tuesday-Blitz-October-10-2023"]
[Site "Chess.com"]
[Date "2023.10.10"]
[Round "3"]
[White "Jarming"]
[Black "AlivodicDario"]
[Result "1-0"]
[WhiteElo "2764"]
[BlackElo "2460"]
[TimeControl "180+1"]
[EndTime "14:25:38 PDT"]
[Termination "Jarming won by resignation"]

1. e4 e6 2. d4 d5 3. Nc3 Bb4 4. e5 Qd7 5. h4 b6 6. h5 h6 7. Rh3 Ne7 8. a3 Bxc3+ 9. bxc3 Ba6 10. Bxa6 Nxa6 11. a4 O-O-O 12. Nf3 Kb7 13. Qe2 c5 14. Nh4 cxd4 15. cxd4 Rc8 16. Rg3 Rhg8 17. a5 Rc4 18. axb6 axb6 19. Ba3 Nc6 20. c3 Na5 21. Rb1 Qa4 22.
Bc1 Rgc8 23. Bd2 Nb3 24. Rxg7 Nxd2 25. Rxf7+ Ka8 26. Qxd2 Rxc3 27. Nf3 Nb4 28. Kf1 Rd3 29.
Qxb4 Rd1+ 30. Ne1 Qxb4 31. Rxb4 Rcc1 32. Kg1 Rxe1+ 33. Kh2 Rh1+ 34. Kg3 Rxh5 35. Rxb6 Rg5+ 36. Kf3 Rc3+ 37. Ke2 Rc2+ 38. Kd3 Rxf2 39. Rxf2 1-0

[Event "Late-Titled-Tuesday-Blitz-October-10-2023"]
[Site "Chess.com"]
[Date "2023.10.10"]
[Round "3"]
[White "kuli4ik"]
[Black "lamomiajunior"]
[Result "0-1"]
[WhiteElo "2932"]
[BlackElo "2735"]
[TimeControl "180+1"]
[EndTime "14:25:39 PDT"]
[Termination "lamomiajunior won on time"]

1. Nf3 d5 2. d4 Nf6 3. Bf4 c5 4. dxc5 Nc6 5. c3 Bg4 6. Ne5 e6 7. Qa4 Bxc5 8. Nxc6 Qd7 9. b4 Bb6 10. b5 bxc6 11. bxc6 Qe7 12. e3 O-O 13. Ba6 Ne4 14. Bg3 Qf6 15. O-O Nc5 16. Qxg4 Nxa6 17. Rc1 Rac8 18.
Qa4 Nc5 19. Qb5 Ne4 20. a4 h5 21. a5 Bc7 22. Ra2 h4 23. Bxc7 Rxc7 24. f3 Nd6 25. Qc5 Nf5 26. c4 dxc4 27. Nd2 Rfc8 28. Ne4 Qg6 29.
Rxc4 Rxc6 30. Qxc6 Rxc6 31. Rxc6 Nxe3 32. Re2 Nd5 33.
Rd2 h3 34. g3 Qf5 35. Kf2 Qe5 36. Rc8+ Kh7 37. a6 f5 38. Ng5+ Kg6 0-1

[Event "Late-Titled-Tuesday-Blitz-October-10-2023"]
[Site "Chess.com"]
[Date "2023.10.10"]
[Round "3"]
[White "SanchezKelvin"]
[Black "Flaccidmoves"]
[Result "1-0"]
[WhiteElo "2612"]
[BlackElo "2413"]
[TimeControl "180+1"]
[EndTime "14:25:39 PDT"]
[Termination "SanchezKelvin won on time"]

1. e4 e5 2. Nf3 Nc6 3. Bb5 a6 4. Ba4 Nf6 5. O-O Be7 6. Re1 b5 7. Bb3 O-O 8. c3 d5 9. exd5 Nxd5 10. Nxe5 Nxe5 11. Rxe5 c6 12. Re1 Bd6 13. g3 Ra7 14. d3 Re7 15. Nd2 Rfe8 16. Rxe7 Qxe7 17. Nf1 Bh3 18. Ne3 f5 19. Bd2 Kh8 20. Bxd5 cxd5 21. Qh5 f4 22. Qxh3 fxe3 23. Bxe3 Rf8 24. Qh5 Qf7 25.
Qxf7 Rxf7 26. Bd4 Re7 27. Kf1 Kg8 28. b4 Kf7 29. a4 Rb7 30. axb5 axb5 31. Ra6 Be7 32.
Ke2 Bf6 33. Bxf6 gxf6 34. Ke3 Ke7 35. Kd4 Rc7 36. Rb6 Ra7 37. Rxb5 Ra2 38. Rxd5 Rxf2 39. Rh5 Ke6 40. Rxh7 Rb2 41. Rh4 Kf5 42. Kc5 1-0

[Event "Late-Titled-Tuesday-Blitz-October-10-2023"]
[Site "Chess.com"]
[Date "2023.10.10"]
[Round "3"]
[White "Langua_Chess"]
[Black "artin10862"]
[Result "0-1"]
[WhiteElo "2479"]
[BlackElo "2794"]
[TimeControl "180+1"]
[EndTime "14:25:40 PDT"]
[Termination "artin10862 won on time"]

1. e4 g6 2. d4 Bg7 3. Nf3 d6 4. Nc3 a6 5. a4 Nf6 6. Bc4 O-O 7. O-O Nc6 8. d5 Nb8 9. h3 Re8 10. Be3 e5 11. dxe6 Bxe6 12. Qd3 Nc6 13. Bxe6 Rxe6 14. Nd4 Re8 15. Nxc6 bxc6 16. Qc4 Qb8 17. Qxc6 Qxb2 18. Ra2 Qb4 19. Rb1 Qa5 20. Nd5 Nxd5 21. exd5 Rab8 22. Rb7 Qe1+ 23. Kh2 Be5+ 24. g3 Bxg3+ 25. Kxg3 Rxe3+ 26. Kg2 Re2 27. Rxb8+ Kg7 28. Rg8+ Kxg8 29. Qa8+ Kg7 30.
Qa7 Qd2 0-1

[Event "Late-Titled-Tuesday-Blitz-October-10-2023"]
[Site "Chess.com"]
[Date "2023.10.10"]
[Round "3"]
[White "Gravity_Chess"]
[Black "THE_PLAYER6"]
[Result "1-0"]
[WhiteElo "2883"]
[BlackElo "2577"]
[TimeControl "180+1"]
[EndTime "14:25:41 PDT"]
[Termination "Gravity_Chess won by resignation"]

1. Nf3 d5 2. b3 c5 3. e3 a6 4.
Bb2 Nc6 5. g3 Nf6 6. Bg2 Bg4 7. h3 Bxf3 8. Bxf3 e5 9. Bg2 Bd6 10.
d3 O-O 11. Nd2 Qc7 12. O-O Rfe8 13. Qe2 Rad8 14. a3 b5 15. Rac1 Ne7 16. c4 bxc4 17.
dxc4 d4 18. Ne4 Nxe4 19. Bxe4 f5 20. Bg2 Rb8 21. b4 Kh8 22. exd4 exd4 23. Rfe1 Qd7 24. Qe6 Red8 25. Qxd7 Rxd7 26. b5 axb5 27. cxb5 Ra7 28. Re6 Rb6 29. Bxd4 Rxa3 30. Be5 Rd3 31. Bxd6 1-0

[Event "Late-Titled-Tuesday-Blitz-October-10-2023"]
[Site "Chess.com"]
[Date "2023.10.10"]
[Round "3"]
[White "Eloist"]
[Black "NFChess13"]
[Result "0-1"]
[WhiteElo "2437"]
[BlackElo "2639"]
[TimeControl "180+1"]
[EndTime "14:25:53 PDT"]
[Termination "NFChess13 won on time"]

1. e4 e5 2. Bc4 Nf6 3. d3 c6 4. Nf3 d5 5. Bb3 a5 6. a4 Bb4+ 7. c3 Bd6 8. Bg5 O-O 9. O-O h6 10. Bxf6 Qxf6 11. exd5 Bg4 12. Nbd2 Qg6 13. Ne4 cxd5 14.
Bxd5 Ra6 15. Ng3 Nd7 16. h3 Be6 17. Bxe6 Qxe6 18. d4 e4 19. Re1 f5 20. Nd2 Nf6 21. Qb3 Nd5 22. Nc4 Nf4 23. f3 Nd3 24. Nxe4 fxe4 25. Rxe4 Qf7 26. Nd2 Nxb2 27. Qxb2 Bf4 28. Nf1 Kh8 29. Qa2 Qf5 30. Rb1 Rg6 31. Qf2 Qxh3 0-1

[Event "Late-Titled-Tuesday-Blitz-October-10-2023"]
[Site "Chess.com"]
[Date "2023.10.10"]
[Round "3"]
[White "ElCoachRene"]
[Black "szachmistrz2500"]
[Result "0-1"]
[WhiteElo "2168"]
[BlackElo "2408"]
[TimeControl "180+1"]
[EndTime "14:25:53 PDT"]
[Termination "szachmistrz2500 won by resignation"]

1. d4 d5 2. Bf4 Nf6 3. e3 c5 4. c3 Nc6 5. Nd2 Qb6 6. Qb3 c4 7. Qc2 g6 8. Ngf3 Bf5 9. Qc1 Bg7 10.
h3 h5 11. Be2 O-O 12. O-O Ne4 13. Nxe4 Bxe4 14. Nd2 Bf5 15. b3 e5 16. Bg3 exd4 17. exd4 cxb3 18. axb3 Rac8 19. Qa3 Rfe8 20. Bf3 Be4 21.
Rfe1 Bxf3 22. Nxf3 a6 23. Bd6 Qb5 24. Qa2 Qd3 25.
Qb2 Re4 26. Nd2 Re2 27. Rxe2 Qxe2 28. Nc4 Qd3 29. Nb6 Rd8 30. Bf4 Nxd4 31. Bc7 Ne2+ 32. Kh1 Bxc3 33. Qxc3 Qxc3 0-1

[Event "Late-Titled-Tuesday-Blitz-October-10-2023"]
[Site "Chess.com"]
[Date "2023.10.10"]
[Round "3"]
[White "TimGrutter03"]
[Black "GMMikhailKazakov"]
[Result "0-1"]
[WhiteElo "2554"]
[BlackElo "2374"]
[TimeControl "180+1"]
[EndTime "14:25:58 PDT"]
[Termination "GMMikhailKazakov won by resignation"]

1. e4 e5 2. Nf3 Nc6 3. d4 exd4 4. Bc4 Nf6 5. O-O Nxe4 6. Re1 d5 7. Bxd5 Qxd5 8.
Nc3 Qa5 9. Nxe4 Be6 10. Neg5 O-O-O 11. Nxe6 fxe6 12. Rxe6 h6 13. Bd2 Qd5 14. Qe1 Bd6 15. Rd1 Rhf8 16. c3 Rxf3 17. gxf3 Ne5 18. Rxe5 Bxe5 19.
c4 Qxf3 20. Rc1 Rd6 21. Qxe5 Rg6+ 22. Kf1 Qd3+ 23. Qe2 Qh3+ 0-1

[Event "Late-Titled-Tuesday-Blitz-October-10-2023"]
[Site "Chess.com"]
[Date "2023.10.10"]
[Round "3"]
[White "Zapateado"]
[Black "borocotoajua"]
[Result "0-1"]
[WhiteElo "2348"]
[BlackElo "2567"]
[TimeControl "180+1"]
[EndTime "14:25:58 PDT"]
[Termination "borocotoajua won by resignation"]

1. c4 Nf6 2. Nc3 g6 3. g3 d6 4. Bg2 Bg7 5. e4 O-O 6. Nge2 e5 7. O-O Nc6 8. d3 a6 9. h3 Rb8 10. a4 Ne8 11. f4 f5 12. Be3 Nd4 13. Bf2 Be6 14.
Nxd4 exd4 15. Ne2 c5 16. b4 fxe4 17. dxe4 Bxc4 18. Rc1 b5 19. axb5 axb5 20. bxc5 dxc5 21. e5 Nc7 22. Qd2 Nd5 23. Rfe1 Ra8 24. Rb1 Ra2 25. Rb2 Rxb2 26. Qxb2 g5 27. Qd2 Bxe2 28. Qxe2 gxf4 29. Qxb5 fxg3 30. Bxg3 Ne3 31. Qxc5 Nxg2 32. Kxg2 Qa8+ 33. Kg1 Qf3 34. Qc4+ Kh8 35. Bh4 d3 36. Qe4 d2 37.
Qxf3 dxe1=Q+ 38. Bxe1 Rxf3 39. Kg2 Re3 0-1

[Event "Late-Titled-Tuesday-Blitz-October-10-2023"]
[Site "Chess.com"]
[Date "2023.10.10"]
[Round "3"]
[White "Harald_Schmidt"]
[Black "SchachmattTV_Tobi"]
[Result "1-0"]
[WhiteElo "2354"]
[BlackElo "2549"]
[TimeControl "180+1"]
[EndTime "14:25:58 PDT"]
[Termination "Harald_Schmidt won on time"]

1. e4 e5 2. Nf3 Nc6 3. Bb5 a6 4. Bxc6 dxc6 5. d3 Bd6 6. a3 Nf6 7. h3 Nd7 8. Be3 O-O 9. Nbd2 Nc5 10. Nc4 f6 11. Nxd6 cxd6 12. O-O Re8 13. Re1 Kh8 14. b4 Ne6 15. d4 exd4 16. Nxd4 Nxd4 17. Bxd4 Qc7 18.
Qf3 Be6 19. Rad1 Rad8 20. Qg3 Rd7 21. f4 c5 22. bxc5 dxc5 23. Bc3 Red8 24. Qf3 Kg8 25.
Rxd7 Qxd7 26. f5 Bf7 27. e5 fxe5 28. Bxe5 Qd2 29. Re2 Qd1+ 30. Kh2 Rd7 31. Qe3 Qd5 32. Qg5 Be8 33. f6 g6 34. Qf4 1-0

[Event "Late-Titled-Tuesday-Blitz-October-10-2023"]
[Site "Chess.com"]
[Date "2023.10.10"]
[Round "3"]
[White "egnfanclub"]
[Black "cthake"]
[Result "1-0"]
[WhiteElo "2370"]
[BlackElo "1962"]
[TimeControl "180+1"]
[EndTime "14:25:58 PDT"]
[Termination "egnfanclub won on time"]

1. e4 c5 2. Nc3 Nc6 3. f4 e6 4. Nf3 d5 5. Bb5 Ne7 6. exd5 Nxd5 7. Qe2 Be7 8. Bxc6+ bxc6 9. d3 O-O 10. O-O Ba6 11.
Bd2 Rb8 12. b3 Bf6 13. Ne5 Qc7 14. Na4 Bxe5 15. fxe5 Qe7 16. c4 Nb4 17. Be3 Qb7 18. Nxc5 Qc8 19. Qg4 Nc2 20. Bh6 g6 21. Rac1 Nb4 22.
Qf4 Qd8 23. Bxf8 Qxf8 24. Nd7 Nxd3 25. Qf3 1-0

[Event "Late-Titled-Tuesday-Blitz-October-10-2023"]
[Site "Chess.com"]
[Date "2023.10.10"]
[Round "3"]
[White "wild3000"]
[Black "Andrej2004"]
[Result "0-1"]
[WhiteElo "2310"]
[BlackElo "2582"]
[TimeControl "180+1"]
[EndTime "14:26:00 PDT"]
[Termination "Andrej2004 won by resignation"]

1. e4 e5 2. Nf3 Nc6 3. Bb5 a6 4. Ba4 Nge7 5. O-O g6 6. d4 exd4 7. Nxd4 b5 8. Bb3 Bg7 9. c3 O-O 10. Bg5 Bb7 11. Re1 h6 12. Bh4 d6 13. a4 b4 14. a5 Rb8 15. Nf3 g5 16. Bg3 Ng6 17. Bd5 Nce5 18. Bxb7 Rxb7 19. Qd5 Rb5 20. Qd1 Qf6 21. Nd4 Rbb8 22. Nf5 Nc4 23. Nd2 Nxb2 24. Qh5 bxc3 25. Nf3 Nd3 26. Nxh6+ Bxh6 27. Qxh6 Nxe1 28. Rxe1 Qg7 29. Qxg5 Ne5 30. Qe7 Nxf3+ 31. gxf3 c2 32. Kf1 Rb1 33. Qxc7 Rxe1+ 34. Kxe1 Qa1+ 35. Ke2 Qd1+ 36. Ke3 c1=Q+ 0-1

[Event "Late-Titled-Tuesday-Blitz-October-10-2023"]
[Site "Chess.com"]
[Date "2023.10.10"]
[Round "3"]
[White "mishanick"]
[Black "IlanSchnaider"]
[Result "1-0"]
[WhiteElo "3090"]
[BlackElo "2787"]
[TimeControl "180+1"]
[EndTime "14:26:03 PDT"]
[Termination "mishanick won by resignation"]

1. d4 Nf6 2. c4 g6 3. Nc3 d5 4.
Bg5 Bg7 5. Bxf6 Bxf6 6. cxd5 c5 7. Nf3 cxd4 8. Nxd4 O-O 9. e3 Qb6 10. Qd2 Rd8 11. Bc4 Nd7 12. O-O Ne5 13. Be2 Bd7 14. f4 Ng4 15. Bxg4 Bxg4 16. h3 Bd7 17. Rad1 Rac8 18.
e4 Bxd4+ 19. Qxd4 Qxb2 20. Rf3 Qc2 21. f5 Ba4 22. fxg6 hxg6 23. Rdf1 Rf8 24. d6 exd6 25.
Nxa4 Rc4 26. Qd5 Qxe4 27. Nc3 Qxd5 28. Nxd5 Rc5 29. Nf6+ Kg7 30. Nd7 Rfc8 31. Rxf7+ 1-0

[Event "Late-Titled-Tuesday-Blitz-October-10-2023"]
[Site "Chess.com"]
[Date "2023.10.10"]
[Round "3"]
[White "Atanejhad"]
[Black "dorpato"]
[Result "1-0"]
[WhiteElo "2388"]
[BlackElo "2062"]
[TimeControl "180+1"]
[EndTime "14:26:04 PDT"]
[Termination "Atanejhad won by resignation"]

1. d4 Nf6 2. c4 g6 3. Nc3 d5 4.
cxd5 Nxd5 5. Bd2 Bg7 6. e4 Nxc3 7. Bxc3 c5 8. d5 Bxc3+ 9. bxc3 Qa5 10. Qd2 O-O 11.
h4 h5 12. Be2 e6 13. c4 Qc7 14. Nf3 Na6 15. d6 Qc6 16. e5 b6 17. Qh6 Qd7 18. Ng5 f6 19. exf6 Rxf6 20. Ne4 Rf5 21.
Qxg6+ Qg7 22. Qxg7+ Kxg7 23. O-O Bb7 24. Ng3 Rf7 25.
Bxh5 Rd7 26. Bg4 Rxd6 27. Rfe1 Kf6 28. Nh5+ Kf7 29. Nf4 Re8 30. Bh5+ Kf6 31. Bxe8 1-0

[Event "Late-Titled-Tuesday-Blitz-October-10-2023"]
[Site "Chess.com"]
[Date "2023.10.10"]
[Round "3"]
[White "maximnovik"]
[Black "Russian_berezka"]
[Result "0-1"]
[WhiteElo "2448"]
[BlackElo "2666"]
[TimeControl "180+1"]
[EndTime "14:26:05 PDT"]
[Termination "Russian_berezka won by resignation"]

1. e4 g6 2. d4 Bg7 3. Nc3 d5 4. e5 c5 5. f4 cxd4 6. Nb5 Nc6 7. Nxd4 Nh6 8. Ngf3 Nf5 9. Bb5 Nxd4 10. Nxd4 Bd7 11. Bxc6 bxc6 12. Nb3 f6 13. exf6 Bxf6 14.
O-O O-O 15. c3 Bf5 16. Be3 e5 17. fxe5 Bxe5 18. Bd4 Bd6 19. Bc5 Bxc5+ 20. Nxc5 Qb6 21. b4 Rae8 22. Qd4 Re2 23. Rae1 Rfe8 24. Rxe2 Rxe2 25. g4 Qc7 26. Rf2 Rxf2 27. Kxf2 Qxh2+ 28. Ke3 Qg3+ 29. Kd2 Qg2+ 30. Ke3 Qg3+ 31. Kd2 Qxg4 32. Qf6 Qg2+ 33. Kd1 Qf1+ 34. Kd2 Qf2+ 35. Kd1 Bg4+ 0-1

[Event "Late-Titled-Tuesday-Blitz-October-10-2023"]
[Site "Chess.com"]
[Date "2023.10.10"]
[Round "3"]
[White "andrzej"]
[Black "FMJoseHerrera"]
[Result "0-1"]
[WhiteElo "2468"]
[BlackElo "2757"]
[TimeControl "180+1"]
[EndTime "14:26:09 PDT"]
[Termination "FMJoseHerrera won by checkmate"]

1. e4 c5 2. Nf3 e6 3. d4 cxd4 4.
Nxd4 a6 5. h3 Qc7 6. Bd3 b6 7.
O-O Bb7 8. c4 Nf6 9. Nc3 d6 10.
f4 Be7 11. f5 e5 12. Nc2 Nbd7 13. Be3 Rc8 14. Qe2 O-O 15. Rad1 Rfe8 16. Kh1 Nc5 17. Bg1 Nxd3 18. Qxd3 Qxc4 19. Qxc4 Rxc4 20. Ne3 Rb4 21. Ned5 Nxd5 22. Nxd5 Bxd5 23. Rxd5 Rxb2 24. Rc1 h5 25. a4 h4 26. f6 gxf6 27. Rc6 Rb4 28. Bxb6 Rxe4 29.
a5 f5 30. Bc7 Rc8 31. Rd3 d5 32. Rxd5 Re1+ 33. Kh2 e4 34. Rd7 Bg5 35. g3 Re2+ 36. Kg1 hxg3 37. Rd5 g2 38. Rxf5 Be3+ 39. Kh2 g1=Q# 0-1

[Event "Late-Titled-Tuesday-Blitz-October-10-2023"]
[Site "Chess.com"]
[Date "2023.10.10"]
[Round "3"]
[White "FM_Kappeler"]
[Black "Chessdreamer2020"]
[Result "1-0"]
[WhiteElo "2306"]
[BlackElo "2527"]
[TimeControl "180+1"]
[EndTime "14:26:09 PDT"]
[Termination "FM_Kappeler won by checkmate"]

1. d4 d6 2. Nf3 Bg4 3. c4 Bxf3 4. exf3 g6 5. Nc3 Bg7 6. Be3 e6 7. h4 h5 8. Qd2 Ne7 9. Be2 d5 10. b3 Nbc6 11. Rd1 Qd7 12. c5 Nf5 13. a3 Ncxd4 14.
b4 Nxe2 15. Nxe2 O-O-O 16. Bg5 f6 17. Bf4 e5 18. Bh2 d4 19. Ng3 Nxg3 20. Bxg3 f5 21. O-O Bf6 22. f4 e4 23. Qa2 d3 24. Qd2 Rhe8 25.
Rfe1 Qa4 26. Rc1 Kb8 27. Kh2 Qxa3 28. f3 exf3 29. gxf3 Qb2 30. Qxb2 Bxb2 31. Rxe8 Rxe8 32. Rd1 Re2+ 33. Kh3 d2 34. b5 Bc3 35. c6 Re1 36. Bxe1 bxc6 37. Bxd2 Bxd2 38. Rxd2 cxb5 39. Rg2 a5 40.
Rxg6 a4 41. Rf6 a3 42. Rxf5 c6 43. Rc5 Kb7 44. f5 Kb6 45. Rc1 b4 46. f6 b3 47. f7 a2 48. f8=Q b2 49. Qb8+ Ka5 50. Qxb2 Ka4 51. Ra1 c5 52. Rxa2# 1-0

[Event "Late-Titled-Tuesday-Blitz-October-10-2023"]
[Site "Chess.com"]
[Date "2023.10.10"]
[Round "3"]
[White "Battever"]
[Black "midedu"]
[Result "1-0"]
[WhiteElo "2519"]
[BlackElo "2069"]
[TimeControl "180+1"]
[EndTime "14:26:11 PDT"]
[Termination "Battever won by resignation"]

1. d4 Nf6 2. Nf3 g6 3. Bf4 Bg7 4. Nbd2 d6 5. e4 O-O 6. Bc4 c6 7. a4 a5 8. O-O Bd7 9. Re1 b5 10.
axb5 cxb5 11. Bf1 Ne8 12. h4 h6 13. e5 d5 14. Nh2 Nc7 15. Ng4 Kh7 16. Nb3 Ne6 17. Be3 a4 18. Qd2 h5 19. Nh2 Na6 20.
Nc1 Rc8 21. Nd3 Qc7 22. c3 Rh8 23. Nf3 Kg8 24. g3 Nf8 25. Nf4 Rb8 26. Nxd5 Qd8 27. Bg5 f6 28. Nxe7+ Qxe7 29. exf6 Qf7 30. Ne5 Qd5 31.
fxg7 Kxg7 32. Bg2 Qd6 33. Qf4 Bf5 34. Nxg6 Qxg6 35. Re7+ Kg8 36. Bd5+ Ne6 37. Qxf5 Qxf5 38. Bxe6+ Qxe6 39. Rxe6 Nc7 40. Rc6 Nd5 41. Re1 Rh7 42.
Re5 Rd7 43. Rc5 1-0

[Event "Late-Titled-Tuesday-Blitz-October-10-2023"]
[Site "Chess.com"]
[Date "2023.10.10"]
[Round "3"]
[White "Championnn-9"]
[Black "temus_galaktionov"]
[Result "0-1"]
[WhiteElo "2501"]
[BlackElo "2881"]
[TimeControl "180+1"]
[EndTime "14:26:15 PDT"]
[Termination "temus_galaktionov won on time"]

1. d4 c6 2. Bf4 g6 3. e3 d6 4.
Nd2 Bg7 5. Bc4 Nd7 6. Bg3 Ngf6 7.
Ngf3 O-O 8. O-O a5 9. a4 Nh5 10. Bh4 h6 11. c3 Ndf6 12. h3 g5 13. Bg3 Nxg3 14. fxg3 d5 15. Bd3 g4 16. Ne5 gxh3 17.
e4 dxe4 18. Nxe4 hxg2 19. Rf4 Nxe4 20. Rxe4 Bf5 21. Rg4 Bxg4 22. Qxg4 e6 23. Re1 Qg5 24.
Qe4 f5 25. Qf3 Rae8 26. Bc4 Kh7 27. Nd7 Rf7 28. Nc5 Rfe7 29. Bxe6 Kh8 30. Re2 b6 31. Qxc6 bxc5 32. d5 Qg4 33. Qb5 Qh3 34. Rxg2 Qh5 35. Qd3 Rd8 36. Bxf5 Re1+ 37. Kf2 Rd1 38. Qe3 Qxf5+ 39. Ke2 Qxd5 40. Rf2 Qd2+ 41. Kf3 Qxe3+ 42. Kxe3 R8d3+ 43. Ke2 R3d2+ 44. Ke3 Rxf2 0-1

[Event "Late-Titled-Tuesday-Blitz-October-10-2023"]
[Site "Chess.com"]
[Date "2023.10.10"]
[Round "3"]
[White "Necromon"]
[Black "Djager97"]
[Result "1-0"]
[WhiteElo "2443"]
[BlackElo "2621"]
[TimeControl "180+1"]
[EndTime "14:26:18 PDT"]
[Termination "Necromon won on time"]

1. Nf3 d5 2. c4 d4 3. e3 c5 4. b4 dxe3 5. fxe3 cxb4 6. d4 Nf6 7. Bd3 g6 8. O-O Bg7 9. Bb2 O-O 10. e4 b6 11. e5 Ng4 12. Be4 Ne3 13. Qd3 Nxf1 14. Bxa8 Nxh2 15. Kxh2 Nd7 16. Nbd2 Nxe5 17. Nxe5 Bxe5+ 18. Kg1 Bg7 19. Re1 e5 20. Bd5 Bf5 21. Ne4 Qh4 22. Qg3 Qg4 23. Qxg4 Bxg4 24. dxe5 Re8 25. Kf2 Kf8 26. Nf6 Bxf6 27. exf6 Rd8 28. Re7 a5 29.
Rb7 Be6 30. Rxb6 Bxd5 31. cxd5 Ke8 32. d6 Kd7 33. Be5 Ke6 34. Bg3 Rc8 35. Rb7 Rc2+ 36.
Kf3 Rc3+ 37. Kg4 h5+ 38. Kh3 g5 39. Kh2 h4 40. Bf2 Kxd6 41. Rxf7 Ke6 42. Rf8 Rc2 43. Bb6 Rxa2 44. Bd4 b3 45. Re8+ Kf7 46. Re7+ Kf8 47. Bc5 1-0

[Event "Late-Titled-Tuesday-Blitz-October-10-2023"]
[Site "Chess.com"]
[Date "2023.10.10"]
[Round "3"]
[White "canary2016"]
[Black "AsaHoffmann"]
[Result "1-0"]
[WhiteElo "2183"]
[BlackElo "2391"]
[TimeControl "180+1"]
[EndTime "14:26:20 PDT"]
[Termination "canary2016 won by resignation"]

1. e4 d6 2. d4 Nf6 3. Nc3 c6 4. Nf3 Bg4 5. Be2 e6 6. O-O d5 7. e5 Nfd7 8. Bg5 Be7 9. Bxe7 Qxe7 10. h3 Bh5 11. Na4 c5 12. dxc5 Nxc5 13. Nxc5 Qxc5 14. Rc1 Nc6 15. c4 d4 16. a3 Bxf3 17. Bxf3 Nxe5 18. Bxb7 Rb8 19. Qa4+ Ke7 20. b4 Qc7 21. Be4 f5 22. Bb1 Rhd8 23. Rfd1 d3 24. Rc3 d2 25. Qc2 Rbc8 26. Rxd2 Rxd2 27. Qxd2 Nxc4 28. Qg5+ Kf7 29. Ba2 Qe5 30. Rxc4 Rxc4 31. Bxc4 Qe1+ 32. Bf1 Qa1 33. Qg3 e5 34. Qd3 Kf6 35.
Qd6+ Kg5 36. Qe7+ Kg6 37. Qxa7 e4 38. b5 f4 39. Qb6+ Kf5 40. Qc5+ Kf6 41. Qd6+ Kf5 42. Qd7+ Kf6 43. Qd6+ Kf5 44. b6 Qb2 45. Qd5+ Kf6 46. Qxe4 Qxb6 47. Qxf4+ Ke7 48. Qb4+ Qd6 49. Qxd6+ Kxd6 50.
a4 Kc5 51. Bb5 1-0

[Event "Late-Titled-Tuesday-Blitz-October-10-2023"]
[Site "Chess.com"]
[Date "2023.10.10"]
[Round "3"]
[White "GoltsevDmitry2000"]
[Black "vladoboch"]
[Result "1-0"]
[WhiteElo "2700"]
[BlackElo "2455"]
[TimeControl "180+1"]
[EndTime "14:26:22 PDT"]
[Termination "GoltsevDmitry2000 won by resignation"]

1. e4 c5 2. Nf3 Nc6 3. d4 cxd4 4. Nxd4 e5 5. Nf5 d5 6. Qxd5 Qxd5 7. exd5 Bxf5 8. dxc6 bxc6 9. Bd3 Bxd3 10. cxd3 Nf6 11.
Nc3 Nd5 12. Ke2 Be7 13. Be3 O-O 14. Nxd5 cxd5 15. Rhc1 Rfc8 16. Kd1 a6 17. a3 f5 18. Rxc8+ Rxc8 19. Rc1 Rxc1+ 20. Kxc1 Kf7 21. Kc2 Ke6 22. b4 d4 23. Bd2 Kd5 24. f3 e4 25. fxe4+ fxe4 26. dxe4+ Kxe4 27. a4 g5 28. b5 axb5 29. axb5 g4 30.
b6 Bd6 31. g3 Kf3 32. Kd3 Bc5 33. b7 Ba7 34. Bb4 Kg2 35. Bc5 Bb8 36. Bxd4 Kxh2 37. Ke4 h5 38. Bf6 Kh3 39. Bh4 Kg2 40. Kd5 Kf3 41.
Kc6 Ke4 42. Kd7 Kd5 43. Kc8 Be5 44. b8=Q Bxb8 45. Kxb8 Kc6 46. Kc8 Kd5 47. Kd7 Ke5 48. Ke7 Kf5 49. Kf7 Ke4 50. Kg6 Kf3 51. Kxh5 Kg2 52.
Kxg4 Kh2 53. Kh5 1-0

[Event "Late-Titled-Tuesday-Blitz-October-10-2023"]
[Site "Chess.com"]
[Date "2023.10.10"]
[Round "3"]
[White "Zhbugnoimt"]
[Black "Xqswdc"]
[Result "1-0"]
[WhiteElo "2559"]
[BlackElo "2332"]
[TimeControl "180+1"]
[EndTime "14:26:22 PDT"]
[Termination "Zhbugnoimt won on time"]

1. e4 c5 2. Nf3 e6 3. d4 cxd4 4. Nxd4 Nf6 5. Nc3 Nc6 6. Nxc6 bxc6 7. e5 Nd5 8. Ne4 Qc7 9. f4 Qb6 10. c4 Ne3 11. Qd3 Bb4+ 12. Bd2 Ba6 13. Bxb4 Qxb4+ 14. Kf2 Qxb2+ 15. Be2 Nxc4 16. Rab1 Nxe5 17. fxe5 Qxe5 18. Qxa6 Qxe4 19. Rhd1 O-O 20. Bf3 Qf5 21. Kg1 Qc5+ 22. Kh1 d5 23. Rbc1 Qb6 24. Rxc6 Qb2 25. h3 g6 26. Re1 Qf2 27. Rf1 Qd4 28. Rd1 Qe3 29. Rc7 Rfb8 30. Qc6 a5 31. Rf1 Rf8 32. Bg4 h5 33.
Bd1 Qd3 34. Kg1 Qe3+ 35. Kh1 Qd3 36. Rg1 Ra7 37. Rxa7 1-0

[Event "Late-Titled-Tuesday-Blitz-October-10-2023"]
[Site "Chess.com"]
[Date "2023.10.10"]
[Round "3"]
[White "Alexander_Donchenko"]
[Black "ural58"]
[Result "1-0"]
[WhiteElo "2866"]
[BlackElo "2518"]
[TimeControl "180+1"]
[EndTime "14:26:23 PDT"]
[Termination "Alexander_Donchenko won by resignation"]

1. Nf3 d5 2. g3 Nc6 3. d4 Bf5 4. Bg2 Nb4 5. Na3 e6 6. O-O h6 7.
c3 Nc6 8. Ne5 Bd6 9. Nxc6 bxc6 10.
Qa4 Ne7 11. c4 Bxa3 12. Qxa3 O-O 13. Qc5 Qd6 14. Qxd6 cxd6 15. Bf4 Rfd8 16. Rfc1 g5 17. Bd2 Rab8 18. b3 Rdc8 19. Rc3 Be4 20. f3 Bg6 21. Rac1 c5 22. e3 cxd4 23. exd4 dxc4 24. Rxc4 Rxc4 25. Rxc4 Bb1 26. Ra4 d5 27. Rxa7 Nc6 28. Ra4 Kg7 29. Bf1 Kf6 30. Kf2 h5 31. Ke3 Rc8 32. Bc3 Ne7 33. Kd2 h4 34. Ra7 hxg3 35. hxg3 Nf5 36. g4 Ng3 37. Bd3 Bxd3 38. Kxd3 Rh8 39. a4 Rh2 40. a5 Ra2 41. b4 Nh1 42.
Be1 Ra3+ 43. Ke2 Ra2+ 44. Kf1 Ra1 45. b5 Ng3+ 46. Kf2 Nh1+ 47. Kg2 Rxe1 48. b6 Rb1 49. b7 e5 50. Ra6+ Kg7 51. Rb6 1-0

[Event "Late-Titled-Tuesday-Blitz-October-10-2023"]
[Site "Chess.com"]
[Date "2023.10.10"]
[Round "3"]
[White "TigrVShlyape"]
[Black "Druid24"]
[Result "0-1"]
[WhiteElo "2923"]
[BlackElo "2731"]
[TimeControl "180+1"]
[EndTime "14:26:24 PDT"]
[Termination "Druid24 won on time"]

1. d4 e6 2. Bf4 f5 3. e3 Nf6 4.
Be2 b6 5. Bf3 d5 6. c4 Bb7 7.
Nc3 Bb4 8. Ne2 O-O 9. a3 Be7 10.
O-O c6 11. Qb3 Nbd7 12. Rac1 h6 13. cxd5 exd5 14. Ng3 Ne4 15. Ngxe4 fxe4 16. Bxe4 Nf6 17.
Bg6 Bd6 18. Bxd6 Qxd6 19. Bf5 Ba6 20. Rfe1 Rae8 21. e4 Qf4 22. g3 Qf3 23. Re3 Qh5 24. h4 Kh8 25. Rce1 dxe4 26. Bxe4 Nxe4 27. Nxe4 Qf5 28. f4 Rd8 29. Qa4 Bb5 30. Qxa7 Qg4 31. Nf2 Qg6 32. Qxb6 Bc4 33. h5 Qxh5 34. Qxc6 Bd5 35.
Qc7 Qg6 36. a4 Rd6 37. Qe7 Rdf6 38. Qe5 Rf5 39. Qe7 Rxf4 40. R1e2 Rf3 0-1

[Event "Late-Titled-Tuesday-Blitz-October-10-2023"]
[Site "Chess.com"]
[Date "2023.10.10"]
[Round "3"]
[White "keepitcoming"]
[Black "Nick12772"]
[Result "0-1"]
[WhiteElo "2175"]
[BlackElo "2410"]
[TimeControl "180+1"]
[EndTime "14:26:25 PDT"]
[Termination "Nick12772 won by resignation"]

1. d4 Nf6 2. c4 g6 3. Nc3 d5 4.
cxd5 Nxd5 5. e4 Nxc3 6. bxc3 Bg7 7.
Bc4 c5 8. Ne2 Nc6 9. Be3 O-O 10.
O-O Qc7 11. Rc1 Rd8 12. Bf4 Qd7 13. d5 Na5 14. Bd3 b5 15. c4 bxc4 16. Bxc4 Nxc4 17. Rxc4 Qb5 18. Qb3 Ba6 19. Qxb5 Bxb5 20. Rc2 Bd3 21. Rd2 Bxe4 22. d6 exd6 23. Bxd6 Rd7 24. Rfd1 Rad8 25. Bf4 Rxd2 26. Rxd2 Rxd2 27. Bxd2 Bd5 28. Nc3 Bxc3 29.
Bxc3 Bxa2 30. Kf1 f5 31. Ke1 Kf7 32. Kd2 Ke6 33. Ke3 Kd5 34. Kd3 Bb1+ 35. Ke3 Kc4 36. Ba5 Kb5 37. Bc3 a5 38. Ba1 Kc4 39. Kd2 Kb3 40. Kc1 Be4 41. Kd2 Bxg2 0-1